 Dungeon Crawl Stone Soup version 0.26-a0-597-gb535b0901c (webtiles) character file.

Game seed: 7528396612822647076

709 Lanoc the Bolt Thrower (level 8, -2/61 HPs)
             Began as a Formicid Hunter on Sept 5, 2020.
             Was an Initiate of Okawaru.
             Splashed by a jelly's acid (8 damage)
             ... on level 5 of the Dungeon.
             The game lasted 00:04:33 (4421 turns).

Lanoc the Bolt Thrower (Formicid Hunter)            Turns: 4421, Time: 00:04:34

Health: -2/61      AC: -1    Str: 17    XL:     8   Next: 0%
Magic:  8/8        EV: 13    Int: 11    God:    Okawaru [......]
Gold:   142        SH:  0    Dex: 13    Spells: 7/7 levels left

rFire    . . .     SeeInvis +   b - +2 dagger (venom)
rCold    . . .     Faith    .   (no shield)
rNeg     . . .     Spirit   .   c - +0 leather armour
rPois    .         Reflect  .   (helmet unavailable)
rElec    .         Harm     .   l - +2 cloak
rCorr    .                      (no gloves)
MR       .....                  (no boots)
Stlth    +.........             (no amulet)
HPRegen  0.20/turn              (no ring)
MPRegen  0.11/turn              (no ring)

@: corroded
A: permanent stasis, dig shafts and tunnels, four strong arms, antennae 3
a: Dig, Shaft Self, Renounce Religion


You were on level 5 of the Dungeon.
You worshipped Okawaru.
Okawaru was noncommittal.
You visited 1 branch of the dungeon, and saw 5 of its levels.

You collected 142 gold pieces.

Inventory:

Hand Weapons
 a - a +1 hand crossbow
 b - a +2 dagger of venom (weapon)
Missiles
 d - 18 bolts
Armour
 c - a +0 leather armour (worn)
 l - a +2 cloak (worn)
Jewellery
 i - an uncursed ring of ice
Wands
 p - a wand of iceblast (12)
Scrolls
 e - a scroll of random uselessness {unknown}
 f - a scroll of remove curse {unknown}
 g - 4 scrolls of teleportation {unknown}
 k - 2 scrolls of noise {unknown}
 m - a scroll of magic mapping {unknown}
 o - a scroll of enchant weapon {unknown}
Potions
 h - 2 potions of curing {unknown}
 j - a potion of haste
 n - a potion of stabbing {unknown}


   Skills:
 + Level 4.5 Fighting
 * Level 6.5 Crossbows
 + Level 3.7 Armour
 + Level 3.6 Dodging
 - Level 1.2 Stealth


You had 7 spell levels left.
You didn't know any spells.
Your spell library was empty.

Dungeon Overview and Level Annotations

Branches:
Dungeon (5/15)
 Temple: D:4-7

Altars:
Cheibriados
Fedhas
Okawaru

Shops:
D:4 ?


Innate Abilities, Weirdness & Mutations

You cannot be hasted, slowed, berserked, paralysed or teleported.
You can dig through walls and to a lower floor.
Your four strong arms can wield two-handed weapons with a shield.
You have a pair of large antennae on your head. (SInv)


Message History

You barely miss the jelly.
The jelly is moderately wounded.
The jelly hits you.
You are splashed with acid!
You are too injured to fight recklessly!
You are too injured to fight recklessly!
You are too injured to fight recklessly!
You hit the jelly but do no damage.
Your hands burn!
The jelly is moderately wounded.
The jelly hits you.
* * * LOW HITPOINT WARNING * * *
You are splashed with acid!
* * * LOW HITPOINT WARNING * * *
You hit the jelly but do no damage.
The jelly looks as sick as possible!
Your hands burn!
* * * LOW HITPOINT WARNING * * *
The jelly is moderately wounded.
The jelly hits you.
* * * LOW HITPOINT WARNING * * *
You are splashed with acid!
You die...

.#....#.....#
##+####.....###.# .#
..............#.##.##
..............#.....#
..............#.....#
..............#.....#
..............#.....#
..............#.J..(+
..............'.@...#
..............#..†###
##......###...#
+......# ....>.
#......#.........
#......+..........
#......#..........
#.................
#.......


You could see a jelly (extremely poisoned).

Vanquished Creatures
  A phantom (D:4)
  2 ogres
  A centaur (D:5)
  A scorpion (D:4)
  A bullfrog zombie (D:5)
  A hound (D:4)
  2 orc wizards (D:5)
  3 worker ants
  A hound skeleton (D:4)
  5 adders
  An ooze (D:3)
  An adder skeleton (D:4)
  4 worms
  A dart slug (D:1)
  A leopard gecko (D:3)
  6 orcs
  2 ball pythons
  A giant cockroach (D:4)
  6 goblins
  3 hobgoblins (D:3)
  8 jackals
  6 kobolds
  A quokka (D:3)
  6 bats
  3 frilled lizards
  A jackal skeleton (D:4)
  5 rats
74 creatures vanquished.

Vanquished Creatures (others)
  30 plants (D:3)
30 creatures vanquished.

Grand Total: 104 creatures vanquished

Notes
Turn   | Place    | Note
-------+----------+-------------------------------------------
     0 | D:1      | Lanoc the Formicid Hunter began the quest for the Orb.
     0 | D:1      | Reached XP level 1. HP: 16/16 MP: 1/1
   127 | D:1      | Reached XP level 2. HP: 20/23 MP: 2/2
   327 | D:2      | Reached XP level 3. HP: 25/28 MP: 3/3
   328 | D:2      | Reached skill level 1 in Armour
   929 | D:3      | Reached XP level 4. HP: 18/34 MP: 4/4
  2035 | D:4      | Found Laidir's Magic Scroll Shop.
  2049 | D:4      | Reached XP level 5. HP: 12/41 MP: 5/5
  2296 | D:4      | Found a snail-covered altar of Cheibriados.
  2344 | D:4      | Reached skill level 5 in Crossbows
  2502 | D:4      | Noticed an ogre
  2516 | D:4      | Killed an ogre
  2516 | D:4      | Reached XP level 6. HP: 11/47 MP: 6/6
  2981 | D:4      | Noticed a phantom
  3029 | D:4      | Killed a phantom
  3295 | D:4      | Reached XP level 7. HP: 53/53 MP: 7/7
  3352 | D:4      | Found a blossoming altar of Fedhas.
  3499 | D:5      | Entered Level 5 of the Dungeon
  3531 | D:5      | Reached skill level 6 in Crossbows
  3561 | D:5      | HP: 2/54 [ogre/+0 giant club (17)]
  4009 | D:5      | Found an iron altar of Okawaru.
  4067 | D:5      | Became a worshipper of Warmaster Okawaru
  4413 | D:5      | Reached XP level 8. HP: 61/61 MP: 8/8
  4421 | D:5      | Splashed by a jelly's acid

Illustrated notes

Levels and vault maps discovered:
D:1:      lightli_arrival_windingriver, layout_loops_ring
D:2:      layout_rooms, overflow_temple_1_default, kennysheep_doodads
D:3:      layout_loops_ring, serial_bayou, serial_bayou_pond_b,
          serial_bayou_shore_a, serial_bayou_lake_a, serial_bayou_lagoon_a,
          hex_tiny
D:4:      layout_gridville, fedhas_altar_2, kennysheep_mini, serial_shops, shop
D:5:      layout_gridville, nicolae_overflow_crystal_walls, marbit_many_paths,
          minmay_temple_entry_offerings, basic_altar

Skill      XL: |  1  2  3  4  5  6  7 |
---------------+----------------------+-----
Dodging        | 2 3 |  3.6
Armour         | 1 2 3 |  3.7
Fighting       | 3 4 |  4.5
Crossbows      | 5 6 |  6.5
Stealth        | |  1.2

Action                   |  1- 3 |  4- 6 |  7- 9 || total
-------------------------+-------+-------+-------++-------
Melee: Short sword       |    59 |       |       ||    59
       Dagger            |    27 |   130 |    77 ||   234
 Fire: Hand crossbow     |     3 |    21 |     4 ||    28
 Stab: Sleeping          |       |       |     2 ||     2
Armor: Leather armour    |    19 |    49 |    20 ||    88
Dodge: Dodged            |    61 |   104 |    55 ||   220

Table legend: (Time is in decaauts)
 A = Elapsed time spent in this place.
 B = Non-inter-level travel time spent in this place.
 C = Inter-level travel time spent in this place.
 D = Time resting spent in this place.
 E = Time spent auto-exploring this place.
 F = Levels seen in this place.
 G = Mean time per level.
                   A        B        C        D        E       F      G
               +--------+--------+--------+--------+--------+-----+--------+
         Total |   4471 |   4392 |     79 |      0 |   3717 |   5 |  894.2 |
       Dungeon |   4471 |   4392 |     79 |      0 |   3717 |   5 |  894.2 |
               +--------+--------+--------+--------+--------+-----+--------+

Top non-repeatable levels by time:
     D:3: 1485 daAuts
     D:4: 1473 daAuts
     D:5: 921 daAuts
     D:1: 314 daAuts
     D:2: 276 daAuts
